 Dungeon Crawl Stone Soup version 0.28-a0-258-g8de209e91f (webtiles) character file.

Game seed: 11577963728709448796

43 SkeletonJelly the Poker (level 3, -2/30 HPs)
             Began as a Merfolk Chaos Knight on Aug 27, 2021.
             Was a Plaything of Xom.
             Killed from afar by Robin (8 damage)
             ... with a puff of flame
             ... on level 2 of the Dungeon.
             The game lasted 00:02:20 (1003 turns).

SkeletonJelly the Poker (Merfolk Chaos Knight)      Turns: 1003, Time: 00:02:20

Health: -2/30      AC:  5    Str: 13    XL:     3   Next: 58%
Magic:  3/3        EV: 12    Int: 11    God:    Xom [...*..]
Gold:   30         SH:  0    Dex: 13    Spells: 2/2 levels left

rFire   . . .      SeeInvis .   a - +0 spear (chaos)
rCold   . . .      Faith    .   (no shield)
rNeg    . . .      Spirit   .   b - +2 leather armour
rPois   .          Reflect  .   (no helmet)
rElec   .          Harm     .   (no cloak)
rCorr   .          Rampage  .   (no gloves)
Will    .....                   (no boots)
Stlth   +.........              (no amulet)
HPRegen 0.10/turn               (no ring)
MPRegen 0.08/turn               (no ring)

@: no status effects
A: (nimble swimmer 2), mertail
a: Renounce Religion


You were on level 2 of the Dungeon.
You worshipped Xom.
You were a favourite toy of Xom.
You visited 1 branch of the dungeon, and saw 2 of its levels.

You collected 30 gold pieces.

Inventory:

Hand Weapons
 a - a +0 spear of chaos (weapon)
Armour
 b - a +2 leather armour (worn)
 e - a +0 scale mail
Scrolls
 c - 2 scrolls of identify {unknown}
 d - a scroll of fear {unknown}


   Skills:
 + Level 3.9 Fighting
 * Level 6.0 Polearms
 - Level 0.6 Armour
 - Level 2.6 Dodging


You had 2 spell levels left.
You didn't know any spells.
Your spell library was empty.

Dungeon Overview and Level Annotations

Branches:
Dungeon (2/15)

Altars:

Annotations:
D:2 Robin


Innate Abilities, Weirdness & Mutations

((You are quick and stealthy near water. (Stealth+, EV+, Speed+++)))
Your lower body shifts to a powerful aquatic tail in water.


Message History

No target in view!
No target in view!
No target in view!
No target in view!
No target in view!
No target in view!
No target in view!
No target in view!
No target in view!
No target in view!
HP restored.
Items here: ))))))))) ††††††.
Health restored: 30
Things that are here:
a +0 hunting sling; a +0 club; 16 stones You swap places.
You are now a BORING thing.
Items here: ))))))))) ††††††.
c - 2 scrolls labelled QEN HY ZEOSE (gained 1) "Where it stops, nobody knows!"
Your surroundings suddenly seem different. 2 goblins come into view.
Found four items.
Found a stone staircase leading down.
Your surroundings suddenly seem different.
Found an orange potion.
Your surroundings suddenly seem different.
A kobold comes into view. It is wielding a +3 whip.
Your surroundings suddenly seem different.
Your surroundings suddenly seem different.
Robin of the Strong Arm comes into view.
They are wielding a +0 club and carrying a wand of flame (21).
You are now a favourite toy of Xom.
The goblin moves out of view. x2; The kobold moves out of view.
Unknown command.
Unknown command.
Unknown command.
A hobgoblin comes into view.
Robin shouts!
Found a fuming brown potion.
You hit the hobgoblin.
The hobgoblin is almost dead.
The hobgoblin hits you.
Robin zaps a wand.
The puff of flame hits you.
You take 8 damage, and have 22/30 hp.
MASSIVE DAMAGE!!
You completely miss the hobgoblin.
The hobgoblin is almost dead.
The hobgoblin barely misses you.
You barely miss the hobgoblin.
The hobgoblin is almost dead.
You hit the hobgoblin but do no damage.
The hobgoblin is almost dead.
The hobgoblin hits you.
Robin roars a battlecry!
The hobgoblin goes into a battle-frenzy!
You take 1 damage, and have 21/30 hp.
You hit the hobgoblin.
You kill the hobgoblin!
Robin misses you.
Your Polearms skill increases to level 6!
You hit Robin.
Robin resists with some effort.
Robin is lightly wounded.
Robin zaps a wand.
The puff of flame hits you.
You take 4 damage, and have 18/30 hp.
You hit Robin but do no damage.
Robin is lightly wounded.
You hit Robin. You burn Robin.
Robin is moderately wounded.
Robin hits you but does no damage.
You barely miss Robin.
Robin is moderately wounded.
Robin barely misses you.
You hit Robin but do no damage.
Robin is moderately wounded.
Robin says, "We wiped out the hill dwarves - you're next!"
Robin hits you but does no damage.
You closely miss Robin.
Robin is moderately wounded.
Robin says, "A pitiful Merfolk like you will never find the ORB!"
Robin hits you with a +0 club.
You take 2 damage, and have 16/30 hp.
You hit Robin but do no damage.
Robin is moderately wounded.
You hit Robin but do no damage.
Robin resists with some effort.
Robin is moderately wounded.
Robin says, "A pitiful Merfolk like you will never find the ORB!"
Robin barely misses you.
You hit Robin.
Robin is moderately wounded.
Robin zaps a wand.
The puff of flame hits you!
* * * LOW HITPOINT WARNING * * *
You take 10 damage, and have 6/30 hp.
MASSIVE DAMAGE!!
You are too injured to fight recklessly!
You are too injured to fight recklessly!
You are too injured to fight recklessly!
You are too injured to fight recklessly!
You are too injured to fight recklessly!
You are too injured to fight recklessly!
You are too injured to fight recklessly!
Okay, then.
Unknown command.
Robin zaps a wand.
The puff of flame hits you!
You die...

#######
.......
.......
.......
###.......
##..g......
##...†......
###.
###..@#.....!.
....
#....##.......
...# .....#.##
....... ....
.5.#...#
######.
####### ....
.. #.###
....... ....
#. .(.....
.... . .......
#### #.
.g..... #
.......


You could see Robin and a friendly shadow imp (summoned).

Vanquished Creatures
  3 endoplasms (D:1)
  2 giant cockroaches (D:1)
  11 goblins
  4 hobgoblins
  2 kobolds (D:1)
  4 ball pythons (D:1)
  6 bats (D:1)
  4 frilled lizards (D:1)
  2 rats (D:1)
38 creatures vanquished.

Notes
Turn   | Place    | Note
-------+----------+-------------------------------------------
     0 | D:1      | SkeletonJelly the Merfolk Chaos Knight began the quest for
                  | the Orb.
     0 | D:1      | Reached XP level 1. HP: 18/18 MP: 1/1
   131 | D:1      | XOM: silly message
   153 | D:1      | XOM: silly message
   159 | D:1      | Reached XP level 2. HP: 24/24 MP: 2/2
   162 | D:1      | Reached skill level 5 in Polearms
   398 | D:1      | XOM: silly message
   494 | D:1      | Reached XP level 3. HP: 30/30 MP: 3/3
   822 | D:1      | XOM: god gift: 17 stones
   927 | D:2      | XOM: summons friendly shadow imp
   985 | D:2      | XOM is BORED!
   985 | D:2      | Noticed Robin
   985 | D:2      | XOM: 5-stop teleportation journey
   994 | D:2      | Reached skill level 6 in Polearms
  1003 | D:2      | Killed from afar by Robin

Illustrated notes

Levels and vault maps discovered:
D:1:      minmay_arrival_jagged, layout_basic, minmay_split_cup_small
D:2:      layout_rooms, uniq_jessica, uniq_robin

Skill      XL: |  1  2  3 |
---------------+----------+-----
Polearms       | 5 6 |  6.0
Fighting       | |  3.9
Armour         | |  0.6
Dodging        | |  2.6

Action                   || total
-------------------------++-------
Melee: Spear             ||   116
 Stab: Sleeping          ||     1
Armor: Leather armour    ||    48
Dodge: Dodged            ||    32

Table legend: (Time is in decaauts)
 A = Elapsed time spent in this place.
 B = Non-inter-level travel time spent in this place.
 C = Inter-level travel time spent in this place.
 D = Time resting spent in this place.
 E = Time spent auto-exploring this place.
 F = Levels seen in this place.
 G = Mean time per level.
                   A        B        C        D        E       F      G
               +--------+--------+--------+--------+--------+-----+--------+
         Total |    983 |    910 |     73 |      0 |    700 |   2 |  491.5 |
       Dungeon |    983 |    910 |     73 |      0 |    700 |   2 |  491.5 |
               +--------+--------+--------+--------+--------+-----+--------+

Top non-repeatable levels by time:
     D:1: 888 daAuts
     D:2: 94 daAuts
